 Dungeon Crawl Stone Soup version 0.30.0-29-ga12c61a403 (webtiles) character file.

Game seed: 12925378223914292153

54 DildoBatman the Conjurer (level 4, -2/32 HPs)
             Began as a Formicid Conjurer on June 7, 2023.
             Slain by Sigmund
             ... wielding a +0 scythe
              (11 damage)
             ... on level 2 of the Dungeon.
             The game lasted 00:03:14 (1197 turns).

DildoBatman the Conjurer (Formicid Conjurer)        Turns: 1197, Time: 00:03:15

Health: -2/32      AC:  2    Str: 12    XL:     4   Next: 12%
Magic:  3/7        EV: 12    Int: 19    God:
Gold:   78         SH:  0    Dex: 12    Spells: 5/8 levels left

rFire   . . .        b - +0 sling
rCold   . . .        (no shield)
rNeg    . . .        l - +0 robe
rPois   .            (helmet unavailable)
rElec   .            (no cloak)
rCorr   .            (no gloves)
SInv    +            (no boots)
Will    .....        (no amulet)
Stlth   ++           (no ring)
HPRegen 0.25/turn    (no ring)
MPRegen 0.10/turn

%: no passive effects
@: no status effects
A: permanent stasis, dig shafts and tunnels, antennae 3, four strong arms
a: Dig, Shaft Self


You were on level 2 of the Dungeon.
You visited 1 branch of the dungeon, and saw 3 of its levels.

You collected 78 gold pieces.

Inventory:

Hand Weapons
 a - a +0 short sword of venom
 b - a +0 sling (weapon)
 d - a +0 dagger of speed
Missiles
 k - 9 stones
Armour
 l - a +0 robe (worn)
Jewellery
 m - a ring of magical power
Scrolls
 c - a scroll of amnesia {unknown}
 g - a scroll of enchant armour {unknown}
 h - a scroll of identify {unknown}
 j - 2 scrolls of vulnerability {unknown}
 p - a scroll of blinking {unknown}
 q - a scroll of teleportation {unknown}
 r - a scroll of enchant weapon {unknown}
Potions
 e - a potion of lignification {unknown}
 f - a potion of curing {unknown}
 i - 2 potions of magic
 n - a potion of degeneration {unknown}
 o - a potion of resistance {unknown}


   Skills:
 * Level 1.3 Fighting
 * Level 1.2 Armour
 * Level 2.1 Dodging
 * Level 3.1 Stealth
 * Level 2.6 Spellcasting
 * Level 3.8 Conjurations


You had 5 spell levels left.
You knew the following spells:

 Your Spells              Type           Power      Damage    Failure   Level
a - Searing Ray           Conj           34%        2d5       4%          2
c - Magic Dart            Conj           68%        1d6       3%          1

Your spell library contained the following spells:

 Spells                   Type           Power      Damage    Failure   Level
 Dazzling Flash           Conj/Hex       18%        N/A       22%         3
 Lesser Beckoning         Tloc           4%         N/A       24%         2
 Gell's Gravitas          Tloc           2%         N/A       43%         3
 Teleport Other           Tloc           2%         N/A       43%         3
 Fulminant Prism          Conj/Hex       4%         3d5       58%         4
 Iskenderun's Mystic Bla  Conj/Tloc      9%         2d4       58%         4


Dungeon Overview and Level Annotations

Branches:
Dungeon (3/15)

Altars:

Annotations:
D:2 Jessica, Sigmund, Terence


Innate Abilities, Weirdness & Mutations

You cannot be hasted, slowed, berserked, paralysed or teleported.
You can dig through walls and to a lower floor.
You have a pair of large antennae on your head. (SInv)
Your four strong arms can wield two-handed weapons with a shield.


Message History

You shout for attention!
Sigmund says, "I'm your fate." Sigmund closely misses you.
What are your orders? t - Shout!
Orders for allies: a - Attack new target. r - Retreat! s - Stop attacking. g - Guard the area. f - Follow me.
Anything else - Cancel.
You shout for attention!
Jessica misses you. Sigmund casts a spell at you. You resist with some effort.
What are your orders? t - Shout!
Orders for allies: a - Attack new target. r - Retreat! s - Stop attacking. g - Guard the area. f - Follow me.
Anything else - Cancel.
You shout for attention!
Jessica closely misses you.
Sigmund hits you from afar with a +0 scythe!
What are your orders? t - Shout!
Orders for allies: a - Attack new target. r - Retreat! s - Stop attacking. g - Guard the area. f - Follow me.
Anything else - Cancel.
You shout for attention!
Jessica mumbles some strange words.
Jessica blinks!
What are your orders? t - Shout!
Orders for allies: a - Attack new target. r - Retreat! s - Stop attacking. g - Guard the area. f - Follow me.
Anything else - Cancel.
You shout for attention!
Sigmund hits you from afar with a +0 scythe!
You die...

.........# #####..##.#
.........#############..##.#
...............>........##.#
.........#####.............#
.........# #.........#####
##.÷..#### #.........#
#.....# #..@......#
#####.#######.........#
#...........).§@......#
#.....................#
#..............@......#
#.....................#
##................."...#
..†....................#
......######>............
.#.......# #.............
..†#.#.#.# #.....@......


You could see Sigmund and Jessica.

Vanquished Creatures
  2 adders
  A dart slug (D:1)
  3 ball pythons (D:1)
  5 bats
  An endoplasm (D:1)
  3 hobgoblins (D:1)
  4 kobolds (D:1)
  3 quokkas
  4 frilled lizards
  4 goblins
  3 rats
33 creatures vanquished.

Notes
Turn   | Place    | Note
-------+----------+-------------------------------------------
     0 | D:1      | DildoBatman the Formicid Conjurer began the quest for the
                  | Orb.
     0 | D:1      | Reached XP level 1. HP: 13/13 MP: 3/3
   136 | D:1      | Reached XP level 2. HP: 19/19 MP: 3/5
   139 | D:1      | Learned a level 2 spell: Searing Ray
   465 | D:1      | Reached XP level 3. HP: 25/25 MP: 1/6
   497 | D:1      | Reached skill level 1 in Fighting
   515 | D:1      | Reached skill level 1 in Armour
   734 | D:2      | Noticed Terence
   861 | D:2      | Noticed Sigmund
   946 | D:2      | Noticed Jessica
  1002 | D:2      | Found a faded altar of an unknown god.
  1172 | D:3      | Reached XP level 4. HP: 30/32 MP: 3/7
  1197 | D:2      | Slain by Sigmund

Illustrated notes

Levels and vault maps discovered:
D:1:      minmay_arrival_stone_box, layout_loops_ring
D:2:      layout_basic, hellmonk_ecumenical_altar_pennies_from_heaven,
          uniq_sigmund, uniq_jessica, uniq_terence
D:3:      layout_loops_ring, gammafunk_temple_overflow_wave,
          mainiacjoe_overflow_alcove_2, kennysheep_generic_room_3

Skill      XL: |  1  2  3 |
---------------+----------+-----
Dodging        | 2 |  2.1
Fighting       | 1 |  1.3
Armour         | 1 |  1.2
Stealth        | 3 |  3.1
Spellcasting   | |  2.6
Conjurations   | |  3.8

Action                     |  1- 3 |  4- 6 || total
---------------------------+-------+-------++-------
  Melee: Dagger            |    28 |       ||    28
         Unarmed           |     1 |       ||     1
   Fire: Sling             |     7 |       ||     7
   Cast: Magic Dart        |    45 |       ||    45
         Searing Ray       |     2 |       ||     2
 Armour: Robe              |    12 |       ||    12
  Dodge: Dodged            |    24 |     5 ||    29
